 Dungeon Crawl Stone Soup version 0.21.1-1-g345015f (webtiles) character file.

1356 Mirai the Thaumaturge (level 8, -3/41 HPs)
             Began as a Deep Elf Conjurer on Mar 27, 2018.
             Shot with an arrow by a centaur (6 damage)
             ... on level 6 of the Dungeon.
             The game lasted 00:15:42 (5136 turns).

Mirai the Thaumaturge (Deep Elf Conjurer)           Turns: 5136, Time: 00:15:43

Health: -3/41      AC:  8    Str:  5    XL:     8   Next: 37%
Magic:  21/24      EV: 13    Int: 23    God:
Gold:   325        SH:  0    Dex: 15    Spells: 16/27 levels left

rFire    . . .     SeeInvis .   d - -1 dagger (curse)
rCold    . . .     Gourm    +   (no shield)
rNeg     . . .     Faith    .   a - +0 robe
rPois    .         Spirit   .   (no helmet)
rElec    .         Reflect  .   (no cloak)
rCorr    .         Harm     .   (no gloves)
MR       .....                  r - +2 pair of boots
Stlth    +.........             n - amulet of the gourmand
HPRegen  0.13/turn              f - +3 ring of protection
MPRegen  0.19/turn              y - ring of loudness (curse)

@: no status effects
A: no striking features
a: no special abilities


You were on level 6 of the Dungeon.
You were completely stuffed.

You visited 1 branch of the dungeon, and saw 6 of its levels.

You collected 325 gold pieces.

Inventory:

Hand Weapons
 d - a cursed -1 dagger (weapon)
 A - a cursed -3 short sword
Armour
 a - a +0 robe (worn)
 m - a +1 pair of boots
 r - a +2 pair of boots (worn)
Jewellery
 f - a +3 ring of protection (left hand)
 n - an amulet of the gourmand (around neck)
 u - an uncursed ring of fire
 y - a cursed ring of loudness (right hand)
 D - a +2 ring of intelligence
 E - an uncursed ring of poison resistance {unknown}
Wands
 j - a wand of disintegration (5)
 w - a wand of polymorph (4)
Scrolls
 e - 2 scrolls of fog
 g - 3 scrolls of teleportation
 s - a scroll of identify
 B - a scroll of enchant weapon
 C - a scroll of enchant armour
 F - a scroll of blinking
Potions
 h - a potion of heal wounds
 i - a potion of magic {unknown}
 k - 4 potions of curing
 l - a potion of cancellation {unknown}
 o - a potion of might
 p - 2 potions of mutation {unknown}
 q - a potion of berserk rage {unknown}
 t - 2 potions of flight {unknown}
 v - a potion of ambrosia {unknown}
 x - 2 potions of lignification {unknown}
Books
 b - a book of Conjurations

   Spells                             Type                      Level
   a - Magic Dart                     Conjuration                  1
   b - Searing Ray                    Conjuration                  2
   c - Dazzling Spray                 Conjuration/Hexes            3
   d - Fulminant Prism                Conjuration/Hexes            4
   e - Force Lance                    Conjuration/Translocation    4
   f - Iskenderun's Mystic Blast      Conjuration                  4
Comestibles
 c - 8 rations
 z - 2 chunks of flesh


   Skills:
 - Level 0.2 Fighting
 - Level 1.0 Short Blades
 - Level 2.4 Dodging
 - Level 2.4 Stealth
 + Level 10.4 Spellcasting
 + Level 8.4 Conjurations


You had 16 spell levels left.
You knew the following spells:

 Your Spells              Type           Power        Failure   Level  Hunger
a - Magic Dart            Conj           ####         1%          1    None
b - Searing Ray           Conj           ######       1%          2    None
c - Iskenderun's Mystic   Conj           ######..     1%          4    #......
d - Fulminant Prism       Conj/Hex       ####......   10%         4    #......


Dungeon Overview and Level Annotations

Branches:
Dungeon (6/15)
 Temple: D:4-7

Altars:
Dithmenos
Fedhas
Hepliaklqana
Makhleb
Okawaru
Sif Muna
Wu Jian
Yredelemnul
Zin
The Shining One

Shops:
D:4 !


Message History

Aiming: Magic Dart
Press: ? - help, Shift-Dir - straight line, f/p - shadow imp
Aim: a shadow imp (almost dead)
The magic dart hits the shadow imp.
You kill the shadow imp!
A centaur comes into view.
A centaur comes into view.
The centaur shouts! x2
The centaur wields a shortbow.
The centaur shoots an arrow.
The arrow barely misses you.
The centaur wields a shortbow.
The centaur shoots an arrow.
The arrow hits you!
You see here 2 arrows.
The centaur shoots an arrow.
The arrow hits you!
The centaur shoots an arrow.
The arrow hits you.
You see here 2 arrows.
The centaur shoots an arrow.
The arrow hits you.
The centaur shoots an arrow.
The arrow hits you!
* * * LOW HITPOINT WARNING * * *
The centaur shoots an arrow.
The arrow hits you.
You die...

*,,,,,,,,,,##.........#.# #.#.
*,,,,,,,,,,#............# #(#.
,,,,,,,,,,,#............# ###.#.
,*,,,,,,,.*#............####.....
*,,,,,,,...##.........#....).....
,,,,,,,........(.#...#...####..##
,,,,,,,.....#...(###.....####..#
,,,,,,,.....c..........###.....#
,,,,,,,...c.....@..##### #.###.#
,,,,,,,....#.##.!.## ##.# #.#
,,,,,,,..#......#.# #####..# #.#
,,,,,,,,,#........# #.....## #.#
,,,,,,**,.......### #.##### #.#
,,,,,,,,,......######.# #.#
,,,,,,,,,.............########.#
*,,,,,,**#...................#.##
,<,,,,,***,,.....................


You could see 2 centaurs.

Vanquished Creatures
  Grinder (D:3)
  Sigmund (D:3)
  A phantom (D:4)
  2 centaurs
  A scorpion (D:4)
  A howler monkey (D:4)
  3 hounds
  3 orc priests
  3 orc wizards
  Natasha (thrice) (D:4)
  4 worker ants
  A hound zombie (D:5)
  A worker ant zombie (D:5)
  7 adders
  2 shadow imps
  2 oozes
  An adder skeleton (D:4)
  2 worms
  3 dart slugs
  4 leopard geckos
  7 orcs
  A ball python (D:2)
  A giant cockroach (D:2)
  5 goblins
  11 hobgoblins
  6 jackals
  5 quokkas
  9 bats
  3 frilled lizards
  10 kobolds
  A quokka zombie (D:6)
  11 rats
116 creatures vanquished.

Vanquished Creatures (others)
  A fulminant prism (D:3)
1 creature vanquished.

Grand Total: 117 creatures vanquished

Notes
Turn   | Place    | Note
-------+----------+-------------------------------------------
     0 | D:1      | Mirai the Deep Elf Conjurer began the quest for the Orb.
     0 | D:1      | Reached XP level 1. HP: 10/10 MP: 6/6
   160 | D:1      | Reached skill level 4 in Spellcasting
   160 | D:1      | Reached XP level 2. HP: 14/15 MP: 0/9
   740 | D:2      | Reached skill level 5 in Spellcasting
   740 | D:2      | Reached XP level 3. HP: 18/19 MP: 6/11
   805 | D:1      | Learned a level 2 spell: Searing Ray
  1165 | D:2      | Reached XP level 4. HP: 16/24 MP: 6/13
  1329 | D:2      | Reached skill level 1 in Short Blades
  1513 | D:2      | Reached skill level 6 in Spellcasting
  1647 | D:2      | Found a deep blue altar of Sif Muna.
  1805 | D:2      | Learned a level 4 spell: Iskenderun's Mystic Blast
  1810 | D:2      | Learned a level 4 spell: Fulminant Prism
  2022 | D:3      | Noticed Grinder
  2093 | D:3      | Paralysed by Grinder for 6 turns
  2117 | D:3      | Killed Grinder
  2117 | D:3      | Reached skill level 7 in Spellcasting
  2117 | D:3      | Reached skill level 5 in Conjurations
  2117 | D:3      | Reached XP level 5. HP: 25/28 MP: 7/16
  2117 | D:3      | Reached XP level 6. HP: 28/32 MP: 7/18
  2151 | D:3      | Noticed Sigmund
  2555 | D:4      | Found Sussizit's Distillery.
  2757 | D:4      | Found a burning altar of Makhleb.
  2786 | D:4      | Reached skill level 8 in Spellcasting
  2811 | D:4      | Reached XP level 7. HP: 28/36 MP: 5/20
  3265 | D:3      | Killed Sigmund
  3265 | D:3      | Reached skill level 9 in Spellcasting
  3296 | D:3      | Found a glowing golden altar of the Shining One.
  3692 | D:4      | Noticed Natasha
  3693 | D:4      | Killed Natasha
  3844 | D:4      | Found a basalt altar of Yredelemnul.
  3859 | D:4      | Noticed Natasha
  3866 | D:4      | Killed Natasha
  3927 | D:4      | Reached XP level 8. HP: 36/41 MP: 18/23
  4003 | D:4      | Noticed Natasha
  4010 | D:4      | Killed Natasha
  4067 | D:5      | Entered Level 5 of the Dungeon
  4114 | D:5      | Found an iron altar of Okawaru.
  4115 | D:5      | Found an ornate altar of the Wu Jian Council.
  4116 | D:5      | Found a blossoming altar of Fedhas.
  4119 | D:5      | Found a hazy altar of Hepliaklqana.
  4223 | D:5      | Reached skill level 10 in Spellcasting
  4473 | D:5      | Found a glowing silver altar of Zin.
  4822 | D:5      | Found a shadowy altar of Dithmenos.
  5136 | D:6      | Shot with an arrow by a centaur

Skill      XL: |  1  2  3  4  5  6  7  8 |
---------------+-------------------------+-----
Spellcasting   | 4 5 7 8 9 10 | 10.4
Short Blades   | 1 |  1.0
Conjurations   | 5 6 7 8 |  8.4
Fighting       | |  0.2
Dodging        | |  2.4
Stealth        | |  2.4

Action                   |  1- 3 |  4- 6 |  7- 9 || total
-------------------------+-------+-------+-------++-------
Melee: Dagger            |    15 |     5 |     6 ||    26
       Unarmed           |       |    11 |       ||    11
 Cast: Magic Dart        |    70 |    68 |    45 ||   183
       Searing Ray       |     1 |    17 |    26 ||    44
       Iskenderun's Myst |       |     1 |     7 ||     8
       Fulminant Prism   |       |       |     1 ||     1
Evoke: Wand              |       |       |     3 ||     3
  Use: Potion            |     1 |       |       ||     1
       Scroll            |       |     4 |     6 ||    10
 Stab: Confused          |       |     2 |       ||     2
  Eat: Chunk             |     9 |     6 |     8 ||    23
Armor: Robe              |    17 |    29 |    11 ||    57
Dodge: Dodged            |    38 |    46 |    29 ||   113
